[Event "*** Titled Tuesday Blitz"]
[Site "Chess.com"]
[Date "2021.02.16"]
[Round "5"]
[White "Nozdrachev_Leonid"]
[Black "olksuna"]
[Result "1-0"]
[WhiteElo "2537"]
[BlackElo "2684"]
[TimeControl "180+1"]
[EndTime "10:58:17 PST"]
[Termination "Nozdrachev_Leonid won on time"]

1. e4 c5 2. c3 Nf6 3. e5 Nd5 4. d4 cxd4 5. Nf3 e6 6. cxd4 d6 7. Bc4 Nc6 8. O-O Be7 9. Qe2 O-O 10. Re1 Na5 11. Bd3 Nb4 12. Nc3 Nxd3 13. Qxd3 d5 14. g3 Bd7 15. h4 Qb6 16. Bg5 Bb4 17.
Kg2 Rfc8 18. Bd2 Qa6 19. Qb1 h6 20. Qc1 Bf8 21. Qd1 Nc4 22. Bc1 b5 23. Nh2 b4 24.
Ne2 b3 25. Bxh6 bxa2 26. Bc1 Rab8 27. Nf4 Nxb2 28. Qg4 Nd3 29. Nxd3 Qxd3 30. Rxa2 Rc2 31. Rxa7 Be8 32. Ra3 Qc4 33. Ra1 Rb4 34. Be3 Ra4 35.
Rab1 Rb4 36. Ra1 Ra4 37. Nf3 Rxa1 38. Rxa1 Ra2 39. Rb1 Qc2 40. Rb8 Ba4 41. Bg5 Qe4 42. Qf4 1-0

[Event "*** Titled Tuesday Blitz"]
[Site "Chess.com"]
[Date "2021.02.16"]
[Round "5"]
[White "Mr_Heisenberg13"]
[Black "Rap_woyska"]
[Result "1-0"]
[WhiteElo "2699"]
[BlackElo "2521"]
[TimeControl "180+1"]
[EndTime "10:58:17 PST"]
[Termination "Mr_Heisenberg13 won by resignation"]

1. e4 e6 2. d4 d5 3. exd5 exd5 4. Nf3 Nc6 5. Bb5 Bd6 6. c4 dxc4 7. d5 a6 8. Ba4 b5 9. dxc6 bxa4 10. O-O Ne7 11. Nbd2 O-O 12. Nxc4 Bc5 13. Qxa4 Be6 14. Nce5 Ng6 15.
Rd1 Qf6 16. Bg5 Qf5 17. g4 Nxe5 18. gxf5 Nxf3+ 19. Kg2 Nxg5 20. fxe6 fxe6 21. Rd2 Nf3 22. Rc2 Bb6 23. Qe4 e5 24. Qxf3 Rxf3 25. Kxf3 Bd4 26.
Rd1 Kf7 27. Ke4 Ke6 28. f4 Rf8 29. Rf1 g5 30. f5+ Kf6 31. b3 Rb8 32. Rc4 Rb6 33. h3 h5 34. Rfc1 g4 35. hxg4 hxg4 36. Rh1 g3 37. Rh6+ Kf7 38. Rg6 Bf2 39. Kxe5 Rb5+ 40.
Kf4 Rd5 41. Re4 Bc5 42. Kxg3 Rxf5 43. Rh6 Bd6+ 44. Rxd6 cxd6 45. c7 Rg5+ 46. Rg4 Rc5 47. Rc4 1-0

[Event "*** Titled Tuesday Blitz"]
[Site "Chess.com"]
[Date "2021.02.16"]
[Round "5"]
[White "Grineva_Marianna"]
[Black "Eloist"]
[Result "1-0"]
[WhiteElo "2245"]
[BlackElo "2396"]
[TimeControl "180+1"]
[EndTime "10:58:18 PST"]
[Termination "Grineva_Marianna won on time"]

1. e4 e6 2. d4 d5 3. Nd2 Nf6 4. e5 Nfd7 5. Bd3 c5 6. c3 b6 7.
Ne2 Ba6 8. Nf3 Bxd3 9. Qxd3 c4 10. Qe3 Nc6 11. O-O b5 12. Qf4 Be7 13. h4 a5 14. Ng3 O-O 15. Qg4 Kh8 16. Ng5 h6 17. Nxf7+ Rxf7 18. Qxe6 Ndxe5 19. dxe5 Qe8 20. Qxd5 Bxh4 21. e6 Rf6 22. Nf5 Rd8 23. Qxb5 Bg5 24. Bxg5 hxg5 25. Rad1 Rxd1 26. Rxd1 Rxe6 27. Qxc4 Re1+ 28.
Rxe1 Qxe1+ 29. Qf1 Qe4 30. Nd6 Qd5 31. Nc4 a4 32. Ne3 Qxa2 33. Qb5 Qa1+ 34. Kh2 Ne7 35.
Qe8+ Ng8 36. Qh5+ Nh6 37. Nc4 Qa2 38. Qe8+ Kh7 39. Qe4+ Kh8 40. f3 1-0

[Event "*** Titled Tuesday Blitz"]
[Site "Chess.com"]
[Date "2021.02.16"]
[Round "5"]
[White "MIJuanReyesRosa"]
[Black "DinaBelenkaya"]
[Result "0-1"]
[WhiteElo "2120"]
[BlackElo "2298"]
[TimeControl "180+1"]
[EndTime "10:58:18 PST"]
[Termination "DinaBelenkaya won on time"]

1. d4 d5 2. c4 dxc4 3. e3 e5 4. Bxc4 exd4 5. exd4 Nf6 6. Nf3 Bd6 7. O-O O-O 8. h3 Nc6 9. Nc3 h6 10. Re1 Bf5 11.
a3 Re8 12. Be3 Qd7 13. Bf1 Rad8 14. Rc1 a6 15. b4 Bf8 16. Qb3 Be6 17. Qb1 Nd5 18. Na4 Bf5 19. Bd3 Nxe3 20. fxe3 Bxd3 21. Qxd3 Nxb4 22. axb4 Qxa4 23. Rxc7 Bxb4 24. Rec1 Rd7 25. Rc8 Rdd8 26. R8c7 Re7 27. Rc8 Qd7 28. R8c7 Qxc7 29. Rxc7 Rxc7 30. Ne5 b5 31. Qb3 Bd6 32. Kf2 Bxe5 33.
dxe5 Rb8 34. e6 fxe6 35. Qxe6+ Kh8 36. Kg1 b4 37. Qxa6 b3 38. Qd6 Rcb7 0-1

[Event "*** Titled Tuesday Blitz"]
[Site "Chess.com"]
[Date "2021.02.16"]
[Round "5"]
[White "ViditYT"]
[Black "Arseniy_Nesterov"]
[Result "1/2-1/2"]
[WhiteElo "3010"]
[BlackElo "2812"]
[TimeControl "180+1"]
[EndTime "10:58:19 PST"]
[Termination "Game drawn by repetition"]

1. d4 d5 2. c4 c6 3. Nf3 Nf6 4. e3 Bg4 5. h3 Bh5 6. Nc3 e6 7. g4 Bg6 8. Ne5 Nbd7 9. Nxg6 hxg6 10. Qb3 Qc7 11. Bg2 Be7 12. Bd2 a5 13. Rc1 dxc4 14.
Qxc4 Nb6 15. Qe2 O-O 16. g5 Nh5 17. h4 e5 18. d5 Bb4 19. dxc6 bxc6 20. a3 Bxc3 21.
Rxc3 Rac8 22. Rxc6 Qa7 23. O-O Rxc6 24. Bxc6 Rc8 25.
Rc1 Qe7 26. Bxa5 Qe6 27. Bxb6 Rxc6 28. Rxc6 Qxc6 29. Ba5 Qe4 30. Be1 Qxh4 31. f4 Qh3 32. fxe5 Qf5 33. Qg2 Qxe5 34. Bd2 Qxb2 35. Bb4 Qc1+ 36.
Kf2 Qc2+ 37. Kf3 Qc6+ 38. Kf2 Qc2+ 39. Kf3 Qc6+ 40. Kf2 Qc2+ 1/2-1/2

[Event "*** Titled Tuesday Blitz"]
[Site "Chess.com"]
[Date "2021.02.16"]
[Round "5"]
[White "Happy1712Drummer"]
[Black "Susal_De_Silva"]
[Result "1-0"]
[WhiteElo "2448"]
[BlackElo "2620"]
[TimeControl "180+1"]
[EndTime "10:58:19 PST"]
[Termination "Happy1712Drummer won on time"]

1. Nf3 Nf6 2. c4 b6 3. Nc3 Bb7 4. g3 g6 5. Bg2 Bg7 6. O-O O-O 7. b3 d6 8. Bb2 Nbd7 9. Qc2 e5 10. Rad1 Re8 11. d4 exd4 12. Nxd4 Bxg2 13. Kxg2 Nc5 14.
f3 Qd7 15. e4 h5 16. h4 a5 17. Nd5 Nxd5 18. cxd5 a4 19. b4 a3 20. Ba1 Na6 21. Nc6 Bxa1 22. Rxa1 Nb8 23. Nd4 Na6 24. Rab1 Rec8 25. Rfc1 Nb8 26. Rb3 Qe8 27. Rc3 Na6 28.
Qb3 Qe5 29. Nb5 g5 30. hxg5 Qxg5 31. f4 Qg7 32. Nxd6 Rd8 33. Nf5 Qf6 34. R1c2 Re8 35. Rc6 Qh8 36. Qc4 b5 37. Qe2 Nxb4 38. Rh6 Nxc2 39.
Rxh8+ Kxh8 40. Qxh5+ Kg8 41. Qg5+ 1-0

[Event "*** Titled Tuesday Blitz"]
[Site "Chess.com"]
[Date "2021.02.16"]
[Round "5"]
[White "ajedrez1101"]
[Black "Kostukov_Alex"]
[Result "1-0"]
[WhiteElo "2120"]
[BlackElo "2326"]
[TimeControl "180+1"]
[EndTime "10:58:19 PST"]
[Termination "ajedrez1101 won by resignation"]

1. d4 g6 2. Bf4 Bg7 3. Nc3 d6 4. Qd2 e5 5. dxe5 dxe5 6. Qxd8+ Kxd8 7. O-O-O+ Nd7 8. Be3 Bh6 9. Bxh6 Nxh6 10. h3 f6 11. Ne4 Rf8 12. e3 Ke7 13. Ne2 Nf7 14. N2c3 c6 15. Bc4 f5 16. Bxf7 fxe4 17. Bb3 Rxf2 18. Nxe4 Rxg2 19. Rhf1 a5 20. Rf7+ Ke8 21. Nd6+ Kd8 22. Nxc8 Kxc8 23. Rfxd7 Kb8 24. Rd8+ Ka7 25. Rxa8+ Kxa8 26. Rd8+ Ka7 27. Be6 h5 28. Rg8 h4 29.
Bg4 Rg3 30. Kd2 b5 31. Rxg6 Kb6 32. Re6 b4 33. Rxe5 Rg2+ 34. Kd3 c5 35. b3 Rg1 36. Re6+ Kc7 37. Rf6 Ra1 38. Rf5 Kb6 39. e4 Rxa2 40. e5 a4 41. bxa4 Rxa4 42. Rf4 Ra3+ 43.
Kd2 Kc6 44. e6 Kd6 45. Re4 Ra7 46. e7 Rxe7 47. Rxe7 Kxe7 48. Kd3 Kd6 49. Kc4 Ke5 50. Kxc5 1-0

[Event "*** Titled Tuesday Blitz"]
[Site "Chess.com"]
[Date "2021.02.16"]
[Round "5"]
[White "Goryachkina"]
[Black "Alexander_Zubov"]
[Result "0-1"]
[WhiteElo "2661"]
[BlackElo "2999"]
[TimeControl "180+1"]
[EndTime "10:58:20 PST"]
[Termination "Alexander_Zubov won by resignation"]

1. e4 c5 2. Nf3 e6 3. c3 Nf6 4. e5 Nd5 5. Bc4 d6 6. d4 cxd4 7. cxd4 Nc6 8. O-O Be7 9. Bd2 O-O 10. Nc3 Nb6 11. Bb5 Bd7 12. exd6 Bxd6 13. Ne4 Be7 14. Rc1 a6 15. Bd3 Nb4 16. Bxb4 Bxb4 17. Ne5 Bb5 18. Bxb5 axb5 19. a3 Be7 20. Rc3 Nd5 21. Rg3 Bh4 22. Rb3 Ra5 23. Qh5 Nf4 24. Qg4 Ng6 25. Nxg6 hxg6 26. Nc5 Qe7 27. Qe4 b6 28. Nd3 Bf6 29. Ne5 Bxe5 30. dxe5 Rd8 31. h3 Ra4 32. Qe3 b4 33. Qxb6 bxa3 34. bxa3 Rda8 35.
Rd1 Qg5 36. Qe3 Qf5 37. Qf3 Qxf3 38. Re3 Qxd1+ 0-1

[Event "*** Titled Tuesday Blitz"]
[Site "Chess.com"]
[Date "2021.02.16"]
[Round "5"]
[White "Angel_Hranitel_37"]
[Black "Vincent_Vega95"]
[Result "0-1"]
[WhiteElo "2494"]
[BlackElo "2698"]
[TimeControl "180+1"]
[EndTime "10:58:20 PST"]
[Termination "Vincent_Vega95 won by checkmate"]

1. d4 Nf6 2. Nf3 g6 3. g3 Bg7 4. Bg2 O-O 5. O-O d6 6. c4 c6 7. Nc3 Bf5 8. Nh4 Be6 9. b3 d5 10. cxd5 cxd5 11. a4 Nc6 12. Ba3 Qd7 13. e3 Bh3 14. Nf3 Bxg2 15. Kxg2 Rfc8 16. Qd3 Ne8 17. Rfc1 e6 18. Rab1 Nd6 19. Nb5 Ne4 20. Nd2 f5 21. f3 Ng5 22. f4 Ne4 23. Nxe4 fxe4 24. Qd2 Bf8 25. Bxf8 Rxf8 26. Rc2 g5 27. Rf1 gxf4 28. Rxf4 Rxf4 29. gxf4 Kh8 30. Kf1 Rg8 31. Qf2 Qg7 32.
Rc3 Qg4 33. Ke1 Qh3 34. Nd6 Rg2 35. Qf1 Qxh2 36. b4 Rg1 37. b5 Rxf1+ 38. Kxf1 Qd2 39. Rc5 Nb4 40. Rc8+ Kg7 41. Rc7+ Kg6 42. Re7 Nd3 43.
Rxe6+ Kg7 44. Re7+ Kf8 45. Re8+ Kg7 46. Re7+ Kh6 47.
Re6+ Kh5 48. Re5+ Kh4 49. Kg1 Qxe3+ 50. Kh1 Qf3+ 51. Kh2 Qf2+ 52. Kh1 Ne1 53. Nf5+ Kh3 54. Re6 Qh2# 0-1

[Event "*** Titled Tuesday Blitz"]
[Site "Chess.com"]
[Date "2021.02.16"]
[Round "5"]
[White "Markov_Mikhail"]
[Black "Mihnea2017"]
[Result "1-0"]
[WhiteElo "2695"]
[BlackElo "2458"]
[TimeControl "180+1"]
[EndTime "10:58:20 PST"]
[Termination "Markov_Mikhail won by resignation"]

1. c4 e5 2. Nc3 Nf6 3. Nf3 Nc6 4. a3 g6 5. g3 Bg7 6. Bg2 O-O 7. O-O d6 8. Rb1 h6 9. b4 a6 10. d3 Be6 11. a4 Qd7 12. b5 axb5 13. axb5 Ne7 14.
Re1 Nh5 15. e4 c6 16. bxc6 bxc6 17. Nh4 Kh7 18. Bf3 Nf6 19. Qc2 Rfb8 20. Be3 Qc8 21. c5 d5 22. exd5 Nexd5 23. Nxd5 Nxd5 24. Bd2 Rxb1 25. Rxb1 f5 26. Bg2 Rb8 27. Re1 Rb5 28. Nf3 Qb8 29. Bc1 Bf7 30. h4 Bf6 31. h5 g5 32.
d4 e4 33. Nd2 Bxd4 34. Nxe4 Bg7 35. Nd6 Rb7 36. Qxf5+ Kg8 37. Nxf7 Rxf7 38. Bxd5 cxd5 39. Qxd5 Qf8 40. c6 Kh8 41. Be3 Qc8 42. Rd1 Rc7 43.
Qa5 Rxc6 44. Rd8+ 1-0

[Event "*** Titled Tuesday Blitz"]
[Site "Chess.com"]
[Date "2021.02.16"]
[Round "5"]
[White "Manukyan_Artak"]
[Black "louis198"]
[Result "1-0"]
[WhiteElo "2404"]
[BlackElo "2538"]
[TimeControl "180+1"]
[EndTime "10:58:22 PST"]
[Termination "Manukyan_Artak won by resignation"]

1. e4 e6 2. d4 d5 3. e5 c5 4. c3 Ne7 5. Nf3 Nec6 6. a3 Be7 7. b4 cxd4 8. cxd4 a6 9. Bd3 h6 10. Nc3 O-O 11. O-O Nd7 12. Na4 f6 13. Bb2 fxe5 14.
dxe5 b5 15. Rc1 Bb7 16. Nc5 Nxc5 17. bxc5 Na5 18. Nd4 Bc8 19. Qg4 Nc4 20. Qg6 Nxe5 21. Qh7+ Kf7 22. Nc6 Nxd3 23. Nxd8+ Rxd8 24. Qxg7+ Ke8 25. Qg6+ Kd7 26. c6+ Kc7 27. Qxd3 Bd6 28. Qh7+ Kb6 29.
Bd4+ Ka5 30. Qxh6 e5 31. Qd2+ b4 32. axb4+ Kb5 33. Bc5 Kxc6 34. Bxd6+ Kxd6 35. Rfd1 Be6 36. f4 e4 37. Qd4 Ra7 38. Qe5+ Kd7 39. Rc5 Re8 40.
Rcxd5+ Bxd5 41. Qxd5+ Kc7 42. Qc5+ Kb8 43. Qd6+ Rc7 44.
Rc1 Rc8 45. Kf2 Kb7 46. Rxc7+ Rxc7 47. Ke3 Rc6 48. Qd5 Kb6 49. Kxe4 1-0

[Event "*** Titled Tuesday Blitz"]
[Site "Chess.com"]
[Date "2021.02.16"]
[Round "5"]
[White "Nils_03"]
[Black "frenchpin"]
[Result "1-0"]
[WhiteElo "2361"]
[BlackElo "2491"]
[TimeControl "180+1"]
[EndTime "10:58:22 PST"]
[Termination "Nils_03 won on time"]

1. e4 e6 2. d3 d5 3. Nd2 Nf6 4.
Ngf3 c5 5. g3 Nc6 6. Bg2 Be7 7.
O-O O-O 8. c3 b5 9. Re1 a5 10.
e5 Nd7 11. h4 b4 12. Nf1 Ba6 13. h5 h6 14. N1h2 Qb6 15. Ng4 Qb5 16. Bf1 Rfc8 17. c4 Qb6 18. Bf4 Bf8 19. Qd2 Ne7 20. Bxh6 gxh6 21.
Nxh6+ Bxh6 22. Qxh6 Nf5 23. Qg5+ Kh7 24. g4 Rg8 25.
Qf4 Qd8 26. Bg2 Nh6 27. g5 Nf5 28.
Bh3 Nd4 29. Qxf7+ Rg7 30. g6+ Kh8 31. Qf4 Nxf3+ 32. Qxf3 Qg5+ 33. Kh2 Nxe5 34. Qe3 Qxh5 35. Qxe5 Qxe5+ 36. Rxe5 Rxg6 37. Bxe6 Re8 38. cxd5 Bxd3 39. Rg1 Rxg1 40. Kxg1 c4 41. d6 c3 42. d7 Rd8 43.
bxc3 bxc3 44. Rc5 c2 45. Rc8 Kg7 46. Kh2 1-0

[Event "*** Titled Tuesday Blitz"]
[Site "Chess.com"]
[Date "2021.02.16"]
[Round "5"]
[White "chessdjw"]
[Black "amintabatabaei"]
[Result "0-1"]
[WhiteElo "2718"]
[BlackElo "2924"]
[TimeControl "180+1"]
[EndTime "10:58:23 PST"]
[Termination "amintabatabaei won on time"]

1. e4 c6 2. Nf3 d5 3. Nc3 dxe4 4. Nxe4 Nf6 5. Qe2 Nxe4 6. Qxe4 Be6 7. b3 Nd7 8. Bb2 Nf6 9. Qe3 Bf5 10. Nd4 Bg6 11.
f4 Nd5 12. Qf2 e6 13. f5 exf5 14. Nxf5 Bxf5 15. Qxf5 Qd7 16. Bd3 O-O-O 17. Qxd7+ Kxd7 18. O-O f6 19. Bf5+ Kc7 20. a3 Ne7 21. Bd3 Ng6 22. b4 Bd6 23. Rae1 Be5 24. Bxg6 Bxb2 25. Re7+ Kd6 26. Rxg7 hxg6 27. c3 Ke6 28. Rxg6 Rxd2 29. Rgxf6+ Kd7 30. Rf7+ Kc8 31. R1f3 Rg8 32. g3 Re8 33.
Rf8 Rxf8 34. Rxf8+ Kc7 35. Rf7+ Kb6 36. Rf3 Bxa3 37. g4 Bb2 38. g5 Rc2 39. h4 Rxc3 40. Rxc3 Bxc3 41. h5 Bxb4 42. h6 Bd2 43. h7 Bc3 44.
Kf2 a5 45. Ke3 a4 0-1

[Event "*** Titled Tuesday Blitz"]
[Site "Chess.com"]
[Date "2021.02.16"]
[Round "5"]
[White "anon102030"]
[Black "JoakimVonAnd"]
[Result "1/2-1/2"]
[WhiteElo "2718"]
[BlackElo "2562"]
[TimeControl "180+1"]
[EndTime "10:58:23 PST"]
[Termination "Game drawn by repetition"]

1. e4 c6 2. d3 d5 3. Nd2 Nf6 4. g3 Bg4 5. Be2 Bxe2 6. Qxe2 e6 7. Ngf3 Be7 8. O-O O-O 9. b3 Nbd7 10. Bb2 a5 11. a4 Nc5 12. Rfe1 Qc7 13. Rad1 Rfd8 14. e5 Nfd7 15. d4 Na6 16. Nf1 c5 17. c3 cxd4 18.
cxd4 Rdc8 19. Ne3 Qb6 20. Nd2 Nb4 21. Rc1 Na2 22. Rxc8+ Rxc8 23. f4 Nc3 24. Qd3 Ne4 25. Nxe4 dxe4 26. Qxe4 Qxb3 27. Ba1 Qxa4 28. Qxb7 Rb8 29.
Qe4 Nc5 30. Qf3 Nd3 31. Rd1 Nb2 32. Bxb2 Rxb2 33. f5 exf5 34. Nxf5 Bf8 35. d5 Qc2 36. d6 Qxh2+ 37. Kf1 Qh3+ 38. Kg1 Qh2+ 39. Kf1 Qh3+ 40. Ke1 Qh2 41. Kf1 1/2-1/2

[Event "*** Titled Tuesday Blitz"]
[Site "Chess.com"]
[Date "2021.02.16"]
[Round "5"]
[White "1random"]
[Black "KruHor"]
[Result "1-0"]
[WhiteElo "2395"]
[BlackElo "2528"]
[TimeControl "180+1"]
[EndTime "10:58:23 PST"]
[Termination "1random won on time"]

1. e4 d6 2. d4 Nf6 3. Nc3 c6 4. f3 Nbd7 5. Be3 e5 6. Nge2 Be7 7. Qd2 O-O 8. g4 b5 9. Ng3 b4 10. Nd1 a5 11. g5 Ne8 12. h4 d5 13. exd5 cxd5 14.
Nf2 Nd6 15. dxe5 Nxe5 16. Qxd5 Nf5 17. Qxa8 Nxg3 18. Rg1 Nf5 19. Bd2 Qb6 20. Qe4 Bc5 21. Rg2 Re8 22. Be2 Nd6 23. Qf4 Ba6 24. Ne4 Nxe4 25. fxe4 Ng6 26. Qg4 Bc8 27. Qg3 Bd6 28. Qf2 Bc5 29. Qg3 Bd6 30. Qf2 Bc5 31. Qf1 Bd4 32. c3 bxc3 33. bxc3 Be5 34. h5 Ne7 35. h6 Bh3 36. Bc4 Rf8 37. Qd3 1-0

[Event "*** Titled Tuesday Blitz"]
[Site "Chess.com"]
[Date "2021.02.16"]
[Round "5"]
[White "TimKett"]
[Black "c_r_e_e_p_e_r"]
[Result "1-0"]
[WhiteElo "2219"]
[BlackElo "2369"]
[TimeControl "180+1"]
[EndTime "10:58:23 PST"]
[Termination "TimKett won by checkmate"]

1. e4 c5 2. Nf3 e6 3. d4 cxd4 4. Nxd4 a6 5. Nc3 Qc7 6. Bd3 Nf6 7. O-O b5 8. Kh1 Bb7 9. Qe2 d6 10. Bg5 Nbd7 11. f4 Be7 12. Rae1 h6 13. Bh4 Nxe4 14. Bxe7 Nxc3 15. bxc3 Kxe7 16. Qg4 Kf8 17. Rxe6 Nc5 18.
Re3 h5 19. Qf5 h4 20. Rfe1 Nxd3 21. Ne6+ Kg8 22. Nxc7 Nxe1 23. Rxe1 Rc8 24. Re7 Rf8 25. Ne8 h3 26. Rxb7 hxg2+ 27. Kxg2 Rh6 28. Nc7 Rf6 29. Qe4 Rc8 30. Nd5 Re6 31. Qf5 Rf8 32. Ne7+ Kh8 33.
Rd7 Rf6 34. Qh5+ Rh6 35. Qd5 Rg6+ 36. Kf3 Rh6 37. Rxd6 Rxh2 38. Kg3 Rh7 39. Rd8 Rh6 40. Rxf8+ Kh7 41. Rxf7 a5 42. Qf5+ Rg6+ 43. Qxg6+ Kh8 44.
Rf8# 1-0

[Event "*** Titled Tuesday Blitz"]
[Site "Chess.com"]
[Date "2021.02.16"]
[Round "5"]
[White "Alexander_Moskalenko"]
[Black "Artem_Sadovsky"]
[Result "1-0"]
[WhiteElo "2762"]
[BlackElo "2573"]
[TimeControl "180+1"]
[EndTime "10:58:24 PST"]
[Termination "Alexander_Moskalenko won on time"]

1. f4 c5 2. Nf3 Nc6 3. g3 d6 4.
Bg2 e5 5. d3 g6 6. O-O Bg7 7. e4 Nge7 8. fxe5 Nxe5 9. Nxe5 dxe5 10. Bg5 O-O 11. Nc3 Be6 12. Qd2 f6 13. Be3 Rc8 14. b3 Nc6 15. Nd5 Bxd5 16. exd5 Nd4 17. c3 Nf5 18. Bh3 Nxe3 19. Be6+ Kh8 20. Qxe3 Rc7 21. c4 f5 22. Kh1 Qd6 23. Rae1 b6 24.
Rf3 Re7 25. Ref1 a5 26. a4 Ree8 27. Kg2 Re7 28. g4 f4 29. Qe4 Rxe6 30. dxe6 Rd8 31. Re1 Re8 32. h3 Kg8 33. Qb7 Rxe6 34. Qc8+ Kf7 35. g5 Bf8 36. Re4 Be7 37. h4 Qd8 38. Qb7 Qd6 39. Qa8 Qd8 40. Qd5 Qd6 41. Rxe5 Qxe5 42. Qa8 1-0

[Event "*** Titled Tuesday Blitz"]
[Site "Chess.com"]
[Date "2021.02.16"]
[Round "5"]
[White "adriangschnitzer"]
[Black "zmeeed67"]
[Result "1-0"]
[WhiteElo "2487"]
[BlackElo "2313"]
[TimeControl "180+1"]
[EndTime "10:58:25 PST"]
[Termination "adriangschnitzer won on time"]

1. e4 Nc6 2. Nf3 d6 3. Bb5 Nf6 4.
d3 a6 5. Ba4 Bg4 6. h3 Bh5 7.
O-O b5 8. Bb3 Nd4 9. g4 Nxb3 10.
axb3 Bg6 11. Nc3 e6 12. e5 Nd7 13. d4 d5 14. Bf4 c5 15. Qd2 h6 16. Rfe1 Be7 17. dxc5 Nxc5 18. Nd4 Bg5 19. Nc6 Qb6 20. Nd4 Qd8 21. b4 Ne4 22. Nxe4 Bxe4 23. Bxg5 hxg5 24. Re3 Qc7 25. Nxb5 Qxe5 26. Qd4 Qxd4 27. Nxd4 O-O 28. f3 Bg6 29. c3 Rfc8 30. Kf2 Kf8 31. Re5 Bd3 32.
Ke3 Bh7 33. Rxg5 Bg8 34. Kd2 f6 35. Rh5 g6 36. Rh4 Kg7 37. Re1 e5 38. Nb3 d4 39.
g5 Bxb3 40. gxf6+ 1-0

[Event "*** Titled Tuesday Blitz"]
[Site "Chess.com"]
[Date "2021.02.16"]
[Round "5"]
[White "Unknown_IM"]
[Black "KhamzinOlzhas"]
[Result "1-0"]
[WhiteElo "2391"]
[BlackElo "2519"]
[TimeControl "180+1"]
[EndTime "10:58:26 PST"]
[Termination "Unknown_IM won by resignation"]

1. e4 c5 2. Nf3 d6 3. c3 Nf6 4. Be2 Nc6 5. d4 cxd4 6. cxd4 Nxe4 7. d5 Qa5+ 8. Nc3 Nxc3 9. bxc3 Ne5 10. O-O Nxf3+ 11. Bxf3 g6 12. Qd4 f6 13. Re1 Kf7 14. Bg4 Bxg4 15. Qxg4 Qxc3 16. Qe6+ Kg7 17. Bf4 Qc8 18.
Rac1 Qxe6 19. Rxe6 g5 20. Be3 Kf7 21. Rc7 b6 22.
Rxd6 Bg7 23. Rdd7 Rhe8 24. d6 Bf8 25. g4 Ke6 26. Rxa7 Rxa7 27. Rxa7 exd6 28. Bxb6 Rb8 29. Be3 d5 30. Rxh7 Be7 31. Rh6 Rb4 32. h3 Kd7 33. Rh7 Rc4 34. Kg2 d4 35. Bd2 Ke6 36.
Ba5 d3 37. Kf3 Ra4 38. Bd2 Rxa2 39. Ke3 Ra3 40. Rxe7+ Kxe7 41. Bb4+ Ke6 42. Bxa3 Ke5 43. Kxd3 Ke6 44. Ke4 Kf7 45. f4 Kg6 46. f5+ Kf7 47.
Kd5 Kg7 48. Ke6 1-0

[Event "*** Titled Tuesday Blitz"]
[Site "Chess.com"]
[Date "2021.02.16"]
[Round "5"]
[White "tusplingher"]
[Black "ObligatePawnivore"]
[Result "1-0"]
[WhiteElo "2319"]
[BlackElo "1770"]
[TimeControl "180+1"]
[EndTime "10:58:26 PST"]
[Termination "tusplingher won by checkmate"]

1. e4 e6 2. d4 d5 3. Bd3 c5 4.
exd5 exd5 5. Nf3 c4 6. Be2 Nc6 7. O-O b5 8. a4 b4 9. b3 c3 10.
Bb5 Bd7 11. Re1+ Be7 12. Bg5 Kf8 13. Bxc6 Bxc6 14. Ne5 Rc8 15. Qh5 g6 16. Bh6+ Nxh6 17. Qxh6+ Kg8 18. Qf4 Bf6 19. Nd3 Kg7 20. Nxb4 Re8 21.
Rf1 Re4 22. Qf3 Bxd4 23. Nxc3 Bxc3 24. Qxc3+ Qf6 25. Qh3 Rc7 26. Nd3 Bd7 27. Qg3 Rxc2 28. Rac1 Rxc1 29. Rxc1 Bf5 30. Nc5 Qb2 31. Rf1 Re2 32.
Qd6 Qd4 33. Qc7 h5 34. Qxa7 Kh6 35. Qc7 Rc2 36. Qxf7 Rxc5 37. Qf8+ Kg5 38. Qe7+ Kh6 39. Qf8+ Kg5 40. h4+ Kg4 41. Kh1 Be4 42. f3+ Kg3 43.
fxe4 Rc2 44. Qf4# 1-0

[Event "*** Titled Tuesday Blitz"]
[Site "Chess.com"]
[Date "2021.02.16"]
[Round "5"]
[White "Faqade"]
[Black "Kapitan_Bayan"]
[Result "0-1"]
[WhiteElo "2669"]
[BlackElo "2485"]
[TimeControl "180+1"]
[EndTime "10:58:27 PST"]
[Termination "Kapitan_Bayan won by checkmate"]

1. Nf3 Nf6 2. c4 c6 3. Nc3 d5 4.
e3 Bg4 5. Qb3 Qb6 6. Ne5 Be6 7.
cxd5 Nxd5 8. Bc4 Qxb3 9. axb3 f6 10. Nd3 Nd7 11. Bxd5 Bxd5 12. Nxd5 cxd5 13. Nf4 Nb6 14.
Ra5 d4 15. exd4 Kf7 16. d5 a6 17. d3 Rc8 18. Be3 g5 19. Bxb6 Rc1+ 20. Ke2 Rxh1 21. Ne6 Rxh2 22. g3 Bg7 23. Rc5 h5 24. Rc7 h4 25.
gxh4 gxh4 26. Bc5 Re8 27. Rxb7 h3 28. Nc7 Rc8 29. Kf3 Rg2 30. Ne6 Rg6 31. Rxe7+ Kg8 32. Nxg7 Rxg7 33. Re1 Rxc5 34. Rh1 Rh7 35. Ke4 h2 36. d4 Rc2 37. Kf5 Kf7 38. d6 Rxf2+ 39.
Ke4 Re2+ 40. Kd5 Rg2 41. Kc6 Rc2+ 42. Kd7 Kg6+ 43. Ke6 Rd2 44. d5 Re2# 0-1

[Event "*** Titled Tuesday Blitz"]
[Site "Chess.com"]
[Date "2021.02.16"]
[Round "5"]
[White "fyall777"]
[Black "dpopadic"]
[Result "1-0"]
[WhiteElo "2517"]
[BlackElo "2349"]
[TimeControl "180+1"]
[EndTime "10:58:27 PST"]
[Termination "fyall777 won by resignation"]

1. e4 c5 2. Nf3 Nc6 3. Bb5 e5 4. Bxc6 dxc6 5. O-O Bd6 6. Na3 Qe7 7. Nc4 Bc7 8. a4 a5 9. d3 b6 10. b3 Nf6 11.
Bb2 Nd7 12. Ne3 g6 13. Nc4 O-O 14. Bc1 f6 15. Ne1 Rf7 16. f4 Nf8 17. fxe5 fxe5 18.
Rxf7 Qxf7 19. Nf3 Bg4 20. h3 Bxf3 21. Qxf3 Qxf3 22. gxf3 Nd7 23. Bb2 Rf8 24. Kg2 h5 25. h4 Kh7 26. Kg3 Rf4 27. Bc1 Rf7 28. Bg5 Nf8 29. c3 Ne6 30. Be3 Nf4 31. Bxf4 Rxf4 32. Rd1 Kg8 33. Ne3 Kf7 34. Ng2 Rf6 35. Kf2 Ke6 36. Ke3 Rf8 37. Rg1 Kf6 38. f4 exf4+ 39.
Nxf4 Bxf4+ 40. Kxf4 Rd8 41. Ke3 Rg8 42. Rg5 Rd8 43. d4 cxd4+ 44. cxd4 Rd7 45. Rg2 Kg7 46. Rc2 Rd6 47. e5 Re6 48. Ke4 Kh6 49. d5 cxd5+ 50.
Kxd5 Re8 51. e6 g5 52. hxg5+ Kxg5 53. Kd6 Rd8+ 54. Kc7 Rd3 55. e7 Re3 56. Kd8 Rd3+ 57. Ke8 Rxb3 58. Rd2 h4 59. Kd7 Re3 60. e8=Q Rxe8 61.
Kxe8 Kg4 62. Kd7 h3 63. Kc6 b5 64. axb5 1-0

[Event "*** Titled Tuesday Blitz"]
[Site "Chess.com"]
[Date "2021.02.16"]
[Round "5"]
[White "Sergienko_Sergey"]
[Black "novocane"]
[Result "1-0"]
[WhiteElo "2439"]
[BlackElo "2253"]
[TimeControl "180+1"]
[EndTime "10:58:28 PST"]
[Termination "Sergienko_Sergey won by resignation"]

1. e4 c5 2. Nf3 Nc6 3. Bb5 Nf6 4. Nc3 g6 5. Bxc6 dxc6 6. d3 Nd7 7. Be3 e5 8. Qd2 Qe7 9. Bh6 f6 10. O-O g5 11.
Bxf8 Nxf8 12. Ne2 Bg4 13. Ne1 Bxe2 14. Qxe2 Ne6 15. Qe3 h5 16. a3 O-O-O 17. b4 Rdg8 18. Nf3 h4 19. bxc5 g4 20. Nd2 Qxc5 21. Nc4 Rg7 22.
Qxc5 Nxc5 23. Nd6+ Kc7 24. Nf5 Rd7 25. Rab1 Ne6 26.
Ne3 Nd4 27. Nxg4 h3 28. f4 Ne2+ 29. Kf2 hxg2 30. Kxg2 Nxf4+ 31. Rxf4 exf4 32. Kf3 Rg7 33. Rf1 Rh4 34. Nxf6 Rxh2 35. c4 Rgg2 36. e5 Re2 37. Kxf4 Rhf2+ 38. Rxf2 Rxf2+ 39. Ke4 Kd8 40. d4 Ke7 41. d5 cxd5+ 42. cxd5 Rh2 43. Kf5 Rh3 44. d6+ Kd8 45. e6 Rf3+ 46. Kg6 Re3 47. Kf7 b5 48. e7+ Kc8 49. d7+ 1-0

[Event "*** Titled Tuesday Blitz"]
[Site "Chess.com"]
[Date "2021.02.16"]
[Round "5"]
[White "EnergeticHay"]
[Black "IsaacWiebe"]
[Result "0-1"]
[WhiteElo "2359"]
[BlackElo "2207"]
[TimeControl "180+1"]
[EndTime "10:58:28 PST"]
[Termination "IsaacWiebe won on time"]

1. e4 e6 2. f4 d5 3. e5 c5 4. Nf3 Nc6 5. c3 Bd7 6. Na3 f6 7. Nc2 Nh6 8. d4 Qb6 9. Bd3 cxd4 10. cxd4 Nb4 11. Nxb4 Bxb4+ 12. Bd2 Bxd2+ 13. Qxd2 Bb5 14. O-O Bxd3 15. Qxd3 O-O 16. b3 Nf5 17. g4 Ne7 18. Rac1 Rac8 19. Rxc8 Rxc8 20. Re1 f5 21. h3 Qc6 22. Re2 Qc1+ 23. Kg2 Qxf4 24. Qd2 Qxd2 25.
Rxd2 Rc1 26. Re2 h6 27. Rd2 fxg4 28. hxg4 Nc6 29. a3 Ra1 30. a4 Rb1 31. Rd3 Rc1 32.
Kg3 Kf7 33. Re3 Ke7 34. Rd3 Nb4 35. Kf4 Nxd3+ 36. Ke3 Nb4 37. Kd2 Rf1 38. Nh4 Rg1 39.
Kc3 Rxg4 40. Kxb4 Rxh4 41. Kc3 a5 0-1